| TOP OF THE 1ST |
|
Iowa Cubs batting - Pitching for Reno Aces : RHP Cody Savastand
|
|
Pitching: RHP Cody Savastand
|
|
|
Batting: RHB Frank Caulfield
|
0-0: Ball 1-0: Foul Ball, location: 2F 1-1: Ground out 4-3 (Groundball, 4, EV 85.0 MPH)
|
|
Batting: RHB Khalil Stephens
|
0-0: Ball 1-0: Called Strike 1-1: Swinging Strike 1-2: Foul Ball, location: 2F 1-2: Strikes out looking
|
|
Batting: RHB Ryan Walker
|
0-0: Ball 1-0: Ground out 5-3 (Groundball, 56, EV 103.1 MPH)
|
| Top of the 1st over - 0 runs, 0 hits, 0 errors, 0 left on base; Iowa 0 - Reno 0 |
| BOTTOM OF THE 1ST |
|
Reno Aces batting - Pitching for Iowa Cubs : RHP Dustin Buckner
|
|
Pitching: RHP Dustin Buckner
|
|
|
Batting: LHB Willie Gutierrez
|
0-0: Ball 1-0: Ball 2-0: Called Strike 2-1: Ball 3-1: SINGLE (Line Drive, 4MD, EV 106.2 MPH)
|
|
Batting: RHB Jesus Galvan
|
0-0: Called Strike 0-1: Ball Willie Gutierrez is caught stealing 2nd base 2-4 1-1: Fly out, F7 (Line Drive, 7, EV 108.8 MPH)
|
|
Batting: LHB Bobby Arevalo
|
0-0: Called Strike 0-1: Foul Ball, location: 2F 0-2: Foul Ball, location: 2F 0-2: Ball 1-2: Foul Ball, location: 2F 1-2: Fly out, F9 (Flyball, 9LD, EV 90.0 MPH)
|
| Bottom of the 1st over - 0 runs, 1 hit, 0 errors, 0 left on base; Iowa 0 - Reno 0 |
| TOP OF THE 2ND |
|
Iowa Cubs batting - Pitching for Reno Aces : RHP Cody Savastand
|
|
Batting: LHB Mark Ingram
|
0-0: Called Strike 0-1: Called Strike 0-2: Ball 1-2: Foul Ball, location: 2F 1-2: Foul Ball, location: 2F 1-2: Strikes out swinging
|
|
Batting: RHB Brad Santanello
|
0-0: Called Strike 0-1: Foul Ball, location: 2F 0-2: Ball 1-2: Strikes out looking
|
|
Batting: SHB Karl Starnes
|
0-0: Called Strike 0-1: Called Strike 0-2: Ball 1-2: Strikes out swinging
|
| Top of the 2nd over - 0 runs, 0 hits, 0 errors, 0 left on base; Iowa 0 - Reno 0 |
| BOTTOM OF THE 2ND |
|
Reno Aces batting - Pitching for Iowa Cubs : RHP Dustin Buckner
|
|
Batting: LHB Ian Jarvis
|
0-0: Ball 1-0: Fly out, F7 (Flyball, 7S, EV 84.4 MPH)
|
|
Batting: LHB Soo-yeon Kym
|
0-0: Ball 1-0: Called Strike 1-1: DOUBLE (Line Drive, 89D, EV 106.2 MPH)
|
|
Batting: RHB Enrique Juarez
|
0-0: Ball 1-0: Called Strike 1-1: Fly out, F8 (Flyball, 8RM, EV 82.5 MPH)
|
|
Batting: RHB Edgar Garcia
|
0-0: Ball 1-0: Foul Ball, location: 2F 1-1: Ball 2-1: Ball 3-1: Base on Balls
|
|
Batting: RHB Dustin Clark
|
0-0: Ball 1-0: Ball 2-0: Hit by Pitch Soo-yeon Kym to third Edgar Garcia to second
|
|
Batting: RHB Franklin Villanueva
|
0-0: Called Strike 0-1: SINGLE (Line Drive, 78M, EV 85.6 MPH) Soo-yeon Kym scores Edgar Garcia to third Dustin Clark to second
|
|
Batting: LHB Willie Gutierrez
|
0-0: Called Strike 0-1: Foul Ball, location: 2F 0-2: SINGLE (Groundball, 56D, EV 100.0 MPH) Edgar Garcia scores Dustin Clark to third Franklin Villanueva to second Runner from 3rd tries for Home, SAFE, throw by LF to home
|
|
Batting: RHB Jesus Galvan
|
0-0: Ball 1-0: Called Strike 1-1: Called Strike 1-2: Strikes out swinging
|
| Bottom of the 2nd over - 3 runs, 3 hits, 0 errors, 2 left on base; Iowa 0 - Reno 3 |
| TOP OF THE 3RD |
|
Iowa Cubs batting - Pitching for Reno Aces : RHP Cody Savastand
|
|
Batting: RHB Ricardo Aguinaga
|
0-0: Swinging Strike 0-1: Foul Ball, location: 2F 0-2: Strikes out swinging
|
|
Batting: RHB Josh Asch
|
0-0: Ball 1-0: Hit by Pitch
|
|
Batting: RHB Tim Long
|
0-0: Ball 1-0: Called Strike 1-1: Ball 2-1: SINGLE (Groundball, 6MD, EV 97.5 MPH) Josh Asch to second Runner from 2nd tries for 3rd, SAFE, throw by CF made to third
|
|
Batting: RHB Frank Caulfield
|
0-0: Ball 1-0: Called Strike 1-1: Ball 2-1: Reached on error, E3 (Groundball, 3, EV 90.6 MPH) Josh Asch scores Tim Long to second
|
|
Batting: RHB Khalil Stephens
|
0-0: Ball 1-0: Ball 2-0: Ball 3-0: Called Strike 3-1: Called Strike 3-2: Base on Balls Tim Long to third Frank Caulfield to second
|
|
Batting: RHB Ryan Walker
|
0-0: Grounds into double play, 5-4-3 (Groundball, 5, EV 110.0 MPH)
|
| Top of the 3rd over - 1 run, 1 hit, 1 error, 2 left on base; Iowa 1 - Reno 3 |
| BOTTOM OF THE 3RD |
|
Reno Aces batting - Pitching for Iowa Cubs : RHP Dustin Buckner
|
|
Batting: LHB Bobby Arevalo
|
0-0: Called Strike 0-1: DOUBLE (Flyball, 8LXD, EV 108.8 MPH)
|
|
Batting: LHB Ian Jarvis
|
0-0: Ball 1-0: Ball 2-0: Ball 3-0: Called Strike 3-1: Foul Ball, location: 2F 3-2: Foul Ball, location: 2F 3-2: Foul Ball, location: 2F 3-2: Base on Balls
|
|
Batting: LHB Soo-yeon Kym
|
0-0: Called Strike 0-1: Ball 1-1: Ball 2-1: Grounds into double play, 3-6-3 (Groundball, 34, EV 87.5 MPH) Bobby Arevalo to third
|
|
Batting: RHB Enrique Juarez
|
0-0: Called Strike 0-1: Foul Ball, location: 2F 0-2: Ball 1-2: Strikes out looking
|
| Bottom of the 3rd over - 0 runs, 1 hit, 0 errors, 1 left on base; Iowa 1 - Reno 3 |
| TOP OF THE 4TH |
|
Iowa Cubs batting - Pitching for Reno Aces : RHP Cody Savastand
|
|
Batting: LHB Mark Ingram
|
0-0: Ground out U3 (Groundball, 3, EV 80.0 MPH)
|
|
Batting: RHB Brad Santanello
|
0-0: Ball 1-0: Foul Ball, location: 2F 1-1: Called Strike 1-2: Strikes out swinging
|
|
Batting: SHB Karl Starnes
|
0-0: Foul Ball, location: 2F 0-1: Foul Ball, location: 2F 0-2: Strikes out swinging
|
| Top of the 4th over - 0 runs, 0 hits, 0 errors, 0 left on base; Iowa 1 - Reno 3 |
| BOTTOM OF THE 4TH |
|
Reno Aces batting - Pitching for Iowa Cubs : RHP Dustin Buckner
|
|
Batting: RHB Edgar Garcia
|
0-0: Ball 1-0: Called Strike 1-1: Ball 2-1: DOUBLE (Line Drive, 7LS, EV 112.5 MPH)
|
|
Batting: RHB Dustin Clark
|
0-0: Ball 1-0: SINGLE (Groundball, 25, EV 73.8 MPH) (infield hit) Edgar Garcia to third
|
|
Batting: RHB Franklin Villanueva
|
0-0: Ball 1-0: Ball 2-0: Ball 3-0: Called Strike 3-1: DOUBLE (Flyball, 78D, EV 95.0 MPH) Edgar Garcia scores Dustin Clark to third
|
|
Batting: LHB Willie Gutierrez
|
0-0: Called Strike 0-1: Ball 1-1: Called Strike 1-2: Foul Ball, location: 2F 1-2: Ball 2-2: SINGLE (Groundball, 6MD, EV 98.1 MPH) (infield hit) Dustin Clark scores Franklin Villanueva to third
|
|
Pitching: LHP Tom Mooney
|
|
|
Batting: RHB Jesus Galvan
|
0-0: Foul Ball, location: 2F 0-1: SINGLE (Flyball, 5D, EV 91.9 MPH) Franklin Villanueva scores Willie Gutierrez to second
|
|
Batting: LHB Bobby Arevalo
|
0-0: Foul Ball, location: 2F 0-1: Foul Ball, location: 2F 0-2: Ball 1-2: Foul Ball, location: 2F 1-2: Fielders Choice at 3rd, U5 (Groundball, 5L, EV 79.4 MPH) Jesus Galvan to second
|
|
Batting: LHB Ian Jarvis
|
0-0: Fielders Choice at 2nd, 3-6 (Groundball, 34, EV 85.6 MPH) Jesus Galvan to third
|
|
Batting: LHB Soo-yeon Kym
|
0-0: Foul Ball, location: 2F 0-1: Ball 1-1: Ball 2-1: Fly out, F9 (Flyball, 89M, EV 81.9 MPH)
|
| Bottom of the 4th over - 3 runs, 5 hits, 0 errors, 2 left on base; Iowa 1 - Reno 6 |
| TOP OF THE 5TH |
|
Iowa Cubs batting - Pitching for Reno Aces : RHP Cody Savastand
|
|
Batting: RHB Ricardo Aguinaga
|
0-0: Ball 1-0: Called Strike 1-1: Fly out, F8 (Flyball, 8RD, EV 86.2 MPH)
|
|
Batting: RHB Josh Asch
|
0-0: Foul Ball, location: 2F 0-1: Swinging Strike 0-2: SINGLE (Groundball, 4D, EV 103.1 MPH)
|
|
Batting: RHB Tim Long
|
0-0: Swinging Strike 0-1: Called Strike 0-2: Ball 1-2: Foul Ball, location: 2F 1-2: SINGLE (Groundball, 56D, EV 100.6 MPH) Josh Asch to second
|
|
Batting: RHB Frank Caulfield
|
0-0: Ball 1-0: Swinging Strike 1-1: Called Strike 1-2: Foul Ball, location: 2F 1-2: Strikes out swinging
|
|
Batting: RHB Khalil Stephens
|
0-0: Ball 1-0: SINGLE (Groundball, 6MS, EV 76.2 MPH) (infield hit) Josh Asch to third Tim Long to second
|
|
Batting: RHB Ryan Walker
|
0-0: Ball 1-0: Foul Ball, location: 2F 1-1: Swinging Strike 1-2: Foul Ball, location: 2F 1-2: Ball 2-2: Foul Ball, location: 2F 2-2: Foul Ball, location: 2F 2-2: Ball 3-2: Base on Balls Josh Asch scores Tim Long to third Khalil Stephens to second
|
|
Batting: LHB Mark Ingram
|
0-0: Ground out 4-3 (Groundball, 4D, EV 102.5 MPH)
|
| Top of the 5th over - 1 run, 3 hits, 0 errors, 3 left on base; Iowa 2 - Reno 6 |
| BOTTOM OF THE 5TH |
|
Reno Aces batting - Pitching for Iowa Cubs : LHP Tom Mooney
|
|
Batting: RHB Enrique Juarez
|
0-0: Ball 1-0: Foul Ball, location: 2F 1-1: SOLO HOME RUN (Flyball, 78XD, EV 111.2 MPH), Distance : 419 ft
|
|
Batting: RHB Edgar Garcia
|
0-0: Ball 1-0: Ball 2-0: SINGLE (Groundball, 4MD, EV 95.0 MPH)
|
|
Batting: RHB Dustin Clark
|
0-0: Ball 1-0: Called Strike 1-1: Called Strike 1-2: Strikes out swinging
|
|
Batting: RHB Franklin Villanueva
|
0-0: Ball 1-0: Swinging Strike 1-1: Called Strike 1-2: Ball 2-2: Foul Ball, location: 2F 2-2: Strikes out swinging
|
|
Batting: LHB Willie Gutierrez
|
0-0: Foul Ball, location: 2F 0-1: Foul Ball, location: 2F 0-2: Strikes out swinging
|
| Bottom of the 5th over - 1 run, 2 hits, 0 errors, 1 left on base; Iowa 2 - Reno 7 |
| TOP OF THE 6TH |
|
Iowa Cubs batting - Pitching for Reno Aces : RHP Cody Savastand
|
|
Batting: RHB Brad Santanello
|
0-0: Fly out, F7 (Flyball, 7LD, EV 90.6 MPH)
|
|
Batting: SHB Karl Starnes
|
0-0: Foul Ball, location: 2F 0-1: Foul Ball, location: 2F 0-2: Foul Ball, location: 2F 0-2: Foul Ball, location: 2F 0-2: Ball 1-2: Ground out 4-3 (Groundball, 4, EV 83.1 MPH)
|
|
Batting: RHB Ricardo Aguinaga
|
0-0: Called Strike 0-1: Ball 1-1: Swinging Strike 1-2: Ball 2-2: Strikes out swinging
|
| Top of the 6th over - 0 runs, 0 hits, 0 errors, 0 left on base; Iowa 2 - Reno 7 |
| BOTTOM OF THE 6TH |
|
Reno Aces batting - Pitching for Iowa Cubs : LHP Tom Mooney
|
|
Batting: RHB Jesus Galvan
|
0-0: Ball 1-0: Called Strike 1-1: Swinging Strike 1-2: Foul Ball, location: 2F 1-2: Ball 2-2: Foul Ball, location: 2F 2-2: Ball 3-2: Fly out, F8 (Line Drive, 8RD, EV 99.4 MPH)
|
|
Batting: LHB Bobby Arevalo
|
0-0: Ball 1-0: Ball 2-0: Foul Ball, location: 2F 2-1: Called Strike 2-2: Ball 3-2: Foul Ball, location: 2F 3-2: Base on Balls
|
|
Batting: LHB Ian Jarvis
|
0-0: Ball 1-0: Ball 2-0: Ball 3-0: Fielders Choice at 2nd, 4-6 (Groundball, 34, EV 85.6 MPH)
|
|
Batting: LHB Soo-yeon Kym
|
0-0: Called Strike 0-1: Ball 1-1: Ball 2-1: Foul Ball, location: 2F 2-2: DOUBLE (Line Drive, 7LS, EV 103.8 MPH) Ian Jarvis to third
|
|
Batting: RHB Enrique Juarez
|
0-0: Ball 1-0: Fly out, F8 (Flyball, 8LXD, EV 101.2 MPH)
|
| Bottom of the 6th over - 0 runs, 1 hit, 0 errors, 2 left on base; Iowa 2 - Reno 7 |
| TOP OF THE 7TH |
|
Iowa Cubs batting - Pitching for Reno Aces : RHP Cody Savastand
|
|
Batting: RHB Josh Asch
|
0-0: Ball 1-0: Foul Ball, location: 2F 1-1: SINGLE (Groundball, 5S, EV 65.0 MPH) (infield hit)
|
|
Batting: RHB Tim Long
|
0-0: Ball 1-0: Ball 2-0: Fly out, F9 (Flyball, 9S, EV 90.0 MPH)
|
|
Batting: RHB Frank Caulfield
|
0-0: Foul Ball, location: 2F 0-1: Grounds into double play, 4-6-3 (Groundball, 4, EV 90.0 MPH)
|
| Top of the 7th over - 0 runs, 1 hit, 0 errors, 0 left on base; Iowa 2 - Reno 7 |
| BOTTOM OF THE 7TH |
|
Reno Aces batting - Pitching for Iowa Cubs : LHP Tom Mooney
|
|
Batting: RHB Edgar Garcia
|
0-0: Ball 1-0: Ball 2-0: Ball 3-0: Called Strike 3-1: Fly out, F4 (Line Drive, 4, EV 65.6 MPH)
|
|
Batting: RHB Dustin Clark
|
0-0: Foul Ball, location: 2F 0-1: Ball 1-1: Called Strike 1-2: Ball 2-2: Foul Ball, location: 2F 2-2: Ball 3-2: Strikes out swinging
|
|
Batting: RHB Franklin Villanueva
|
0-0: Ground out 5-3 (Groundball, 5, EV 79.4 MPH)
|
| Bottom of the 7th over - 0 runs, 0 hits, 0 errors, 0 left on base; Iowa 2 - Reno 7 |
| TOP OF THE 8TH |
|
Iowa Cubs batting - Pitching for Reno Aces : RHP Cody Savastand
|
|
Batting: RHB Khalil Stephens
|
0-0: Ball 1-0: Fly out, F6 (Line Drive, 6M, EV 65.0 MPH)
|
|
Batting: RHB Ryan Walker
|
0-0: Ball 1-0: SINGLE (Line Drive, 78S, EV 96.9 MPH)
|
|
Batting: LHB Mark Ingram
|
0-0: Foul Ball, location: 2F 0-1: Foul Ball, location: 2F 0-2: Ball 1-2: Ball 2-2: Strikes out swinging
|
|
Pitching: LHP Nate Ciccarelli
|
|
|
Batting: RHB Brad Santanello
|
0-0: Ball 1-0: Ball 2-0: Ball 3-0: Called Strike 3-1: Swinging Strike 3-2: Foul Ball, location: 2F 3-2: Foul Ball, location: 2F 3-2: Ground out 6-3 (Groundball, 6, EV 86.2 MPH)
|
| Top of the 8th over - 0 runs, 1 hit, 0 errors, 1 left on base; Iowa 2 - Reno 7 |
| BOTTOM OF THE 8TH |
|
Reno Aces batting - Pitching for Iowa Cubs : LHP Tom Mooney
|
|
Pitching: RHP Ryan Masterson
|
|
|
Batting: LHB Willie Gutierrez
|
0-0: Foul Ball, location: 2F 0-1: Swinging Strike 0-2: Ball 1-2: Strikes out swinging
|
|
Batting: RHB Jesus Galvan
|
0-0: Ball 1-0: DOUBLE (Flyball, 8RXD, EV 105.0 MPH)
|
|
Batting: LHB Bobby Arevalo
|
0-0: Foul Ball, location: 2F 0-1: Foul Ball, location: 2F 0-2: Ball 1-2: Strikes out looking
|
|
Batting: LHB Ian Jarvis
|
0-0: Ball 1-0: Foul Ball, location: 2F 1-1: Foul Ball, location: 2F 1-2: Foul Ball, location: 2F 1-2: Ball 2-2: Foul Ball, location: 2F 2-2: Foul Ball, location: 2F 2-2: Fly out, F5 (Popup, 5, EV 60.0 MPH)
|
| Bottom of the 8th over - 0 runs, 1 hit, 0 errors, 1 left on base; Iowa 2 - Reno 7 |
| TOP OF THE 9TH |
|
Iowa Cubs batting - Pitching for Reno Aces : LHP Nate Ciccarelli
|
|
Batting: SHB Karl Starnes
|
0-0: Called Strike 0-1: Fly out, F8 (Flyball, 89D, EV 80.6 MPH)
|
|
Batting: RHB Ricardo Aguinaga
|
0-0: Ball 1-0: Called Strike 1-1: Ball 2-1: Called Strike 2-2: Foul Ball, location: 2F 2-2: Fly out, F7 (Flyball, 78M, EV 94.4 MPH)
|
|
Batting: RHB Josh Asch
|
0-0: Called Strike 0-1: Foul Ball, location: 2F 0-2: Strikes out swinging
|
| Top of the 9th over - 0 runs, 0 hits, 0 errors, 0 left on base; Iowa 2 - Reno 7 |
|